 Dungeon Crawl Stone Soup version 0.29-a0-322-g68df515428 (webtiles) character file.

Game seed: 9165408239897407594

9 zishaf the Grave Robber (level 2, 0/24 HPs)
             Began as a Deep Dwarf Necromancer on Apr 8, 2022.
             Frozen to death by an endoplasm (1 damage)
             ... on level 1 of the Dungeon.
             The game lasted 00:00:48 (172 turns).

zishaf the Grave Robber (Deep Dwarf Necromancer)     Turns: 172, Time: 00:00:49

Health: 0/24       AC:  2    Str: 11    XL:     2   Next: 3%
Magic:  0/4        EV: 12    Int: 15    God:
Gold:   11         SH:  0    Dex: 13    Spells: 3/4 levels left

rFire   . . .      SeeInvis .   (no weapon)
rCold   . . .      Faith    .   (no shield)
rNeg    . . .      Spirit   .   a - +0 robe
rPois   .          Reflect  .   (no helmet)
rElec   .          Harm     .   (no cloak)
rCorr   .          Rampage  .   (no gloves)
Will    .....                   (no boots)
Stlth   ++........              (no amulet)
HPRegen 0.00/turn               (no ring)
MPRegen 0.09/turn               (no ring)

@: no status effects
A: damage resistance, heal wounds, sense surroundings 1, no regeneration
a: Heal Wounds


You were on level 1 of the Dungeon.
You visited 1 branch of the dungeon, and saw 1 of its levels.

You collected 11 gold pieces.

Inventory:

Armour
 a - a +0 robe (worn)
Potions
 b - a potion of magic
 c - a potion of cancellation {unknown}


   Skills:
 + Level 0.5 Fighting
 - Level 2.1 Dodging
 - Level 2.4 Stealth
 + Level 1.9 Spellcasting
 * Level 4.6 Necromancy


You had 3 spell levels left.
You knew the following spells:

 Your Spells              Type           Power      Damage    Failure   Level
a - Pain                  Necr           60%        1d7       3%          1

Your spell library contained the following spells:

 Spells                   Type           Power      Damage    Failure   Level
 Animate Skeleton         Necr           30%        N/A       3%          1
 Vampiric Draining        Necr           15%        2d7       10%         3
 Animate Dead             Necr           7%         N/A       32%         4
 Agony                    Necr           15%        N/A       67%         5


Dungeon Overview and Level Annotations

Branches:
Dungeon (1/15)

Altars:


Innate Abilities, Weirdness & Mutations

You are resistant to damage.
You can heal yourself by infusing magical energy.
You passively map a small area around you.
You do not regenerate.


Message History

You barely miss the hobgoblin. The hobgoblin hits you.
You closely miss the hobgoblin. The hobgoblin barely misses you.
You hit the hobgoblin but do no damage. The hobgoblin barely misses you.
You hit the hobgoblin.
The hobgoblin is severely wounded.
The hobgoblin barely misses you.
You closely miss the hobgoblin.
The hobgoblin is severely wounded.
The hobgoblin barely misses you.
You barely miss the hobgoblin.
The hobgoblin is severely wounded.
The hobgoblin hits you.
You closely miss the hobgoblin.
The hobgoblin is severely wounded.
The hobgoblin barely misses you.
You closely miss the hobgoblin.
The hobgoblin is severely wounded.
The hobgoblin hits you.
* * * LOW HITPOINT WARNING * * *
Casting: Pain (safe; 3% risk of failure)
Confirm with . or Enter, or press ? or * to list all spells.
Aiming: Pain (safe; 3% risk of failure)
Press: ? - help, Shift-Dir - straight line, f/p - endoplasm
Aim: an endoplasm (chance to affect: 85%)
The hobgoblin writhes in agony.
You kill the hobgoblin!
You have reached level 2!
You hit the endoplasm.
The endoplasm is moderately wounded.
The endoplasm misses you.
You hit the endoplasm but do no damage.
The endoplasm is moderately wounded.
The endoplasm freezes you.
You are frozen.
* * * LOW HITPOINT WARNING * * *
You hit the endoplasm but do no damage.
The endoplasm is moderately wounded.
The endoplasm freezes you.
You are frozen.
You die...

##..............
##............... *
#................ *
.............###... , , ,
, #............###...,
##................
##...##...........
#######†.(.....##..
#...J@.............,
#.#####.....#####.. *
######.#...#.....#...#.# ,
.#$.....#.8.#.....#.8.#.#,
*........#...#.....#...#.#
#.......#####.....#####.#,
,
#.(.....................#.
#......#..................
#......#.......<........#.


You could see an endoplasm.

Vanquished Creatures
  An endoplasm (D:1)
  A goblin (D:1)
  2 hobgoblins (D:1)
  A quokka (D:1)
  A bat (D:1)
  A frilled lizard (D:1)
  A rat (D:1)
8 creatures vanquished.

Notes
Turn   | Place    | Note
-------+----------+-------------------------------------------
     0 | D:1      | zishaf the Deep Dwarf Necromancer began the quest for the
                  | Orb.
     0 | D:1      | Reached XP level 1. HP: 15/15 MP: 3/3
   170 | D:1      | Reached XP level 2. HP: 3/24 MP: 0/4
   171 | D:1      | HP: 1/24 [frozen (2)]
   172 | D:1      | Frozen to death by an endoplasm

Illustrated notes

Levels and vault maps discovered:
D:1:      minmay_arrival_glassed_features, layout_rooms,
          dreamdust_ecumenical_altar_hidden_monk_grotto

Action                   || total
-------------------------++-------
Melee: Unarmed           ||    34
 Cast: Pain              ||    13
Armor: Robe              ||     7
Dodge: Dodged            ||    33

Table legend: (Time is in decaauts)
 A = Elapsed time spent in this place.
 B = Non-inter-level travel time spent in this place.
 C = Inter-level travel time spent in this place.
 D = Time resting spent in this place.
 E = Time spent auto-exploring this place.
 F = Levels seen in this place.
 G = Mean time per level.
                   A        B        C        D        E       F      G
               +--------+--------+--------+--------+--------+-----+--------+
         Total |    172 |    172 |      0 |     28 |     40 |   1 |  172.0 |
       Dungeon |    172 |    172 |      0 |     28 |     40 |   1 |  172.0 |
               +--------+--------+--------+--------+--------+-----+--------+

Top non-repeatable levels by time:
     D:1: 172 daAuts
